 Dungeon Crawl Stone Soup version 0.28.0-45-g0d030f2227 (console) character file.

Game seed: 17712742718660011776

54 Zeor the Poker (level 3, -2/23 HPs)
             Began as a Tengu Monk on Apr 4, 2022.
             Slain by Crazy Yiuf
             ... wielding a +4 quarterstaff of chaos
              (8 damage)
             ... on level 2 of the Dungeon.
             The game lasted 00:03:28 (1114 turns).

Zeor the Poker (Tengu Monk)                         Turns: 1114, Time: 00:03:29

Health: -2/23      AC:  5    Str: 11    XL:     3   Next: 91%
Magic:  4/4        EV: 12    Int: 10    God:
Gold:   69         SH:  0    Dex: 18    Spells: 2/2 levels left

rFire   . . .      SeeInvis .   a - +0 spear
rCold   . . .      Faith    .   (no shield)
rNeg    . . .      Spirit   .   c - +0 ring mail
rPois   .          Reflect  .   (helmet restricted)
rElec   .          Harm     .   (no cloak)
rCorr   .          Rampage  .   (no gloves)
Will    .....                   (boots unavailable)
Stlth   ++........              (no amulet)
HPRegen 0.07/turn               (no ring)
MPRegen 0.09/turn               (no ring)

@: studying Axes
A: beak, talons 3
a: no special abilities


You were on level 2 of the Dungeon.
You visited 1 branch of the dungeon, and saw 2 of its levels.

You collected 69 gold pieces.

Inventory:

Hand Weapons
 a - a +0 spear (weapon)
Missiles
 d - 39 bolts
Armour
 c - a +0 ring mail (worn)
Potions
 e - a potion of resistance


   Skills:
 + Level 3.2 Fighting
 * Level 4.3 Polearms
 * Level 3.7 Dodging
 + Level 2.4 Stealth


You had 2 spell levels left.
You didn't know any spells.
Your spell library was empty.

Dungeon Overview and Level Annotations

Branches:
Dungeon (2/15)

Altars:

Annotations:
D:2 Crazy Yiuf


Innate Abilities, Weirdness & Mutations

You have a beak for a mouth.
You have claws for feet.


Message History

A ball python comes into view.
The ball python hisses angrily.
You aren't carrying any scrolls.
A ball python is nearby!
Found a stone staircase leading down.
You hit the ball python. You claw the ball python.
You kill the ball python!
No target in view!
You see here a ball python corpse.
d - 39 bolts (gained 19)
A kobold comes into view. It is wielding a +0 whip.
Unknown command.
A kobold is nearby!
You reach to attack!
You hit the kobold.
You kill the kobold!
You see here a +0 whip.
Found a dagger.
You open the door.
There is an open door here.
Found a mace.
Found a runed translucent door.
Crazy Yiuf shouts!
It was a potion of curing.
You feel better. As you open the door, it creaks loudly!
Crazy Yiuf waves his quarterstaff at you.
You completely miss Crazy Yiuf. Your kick misses Crazy Yiuf.
You peck Crazy Yiuf, but do no damage.
Crazy Yiuf hits you with a +4 quarterstaff of chaos!
Crazy Yiuf freezes you.
You hit Crazy Yiuf.
Crazy Yiuf is lightly wounded.
Crazy Yiuf hits you with a +4 quarterstaff of chaos.
Crazy Yiuf burns you.
* * * LOW HITPOINT WARNING * * *
You are too injured to fight recklessly!
You are too injured to fight recklessly!
You hit Crazy Yiuf but do no damage. Your kick misses Crazy Yiuf.
You peck Crazy Yiuf, but do no damage.
Crazy Yiuf is lightly wounded.
Crazy Yiuf hits you with a +4 quarterstaff of chaos!
You die... ▒∙∙∙∙▒▒▒▒ ▒∙∙∙∙∙▒ ▒∙∙∙∙▒ ▒∙∙∙∙∙▒ ♣∙∙∙∙♣ ▒▒▒∙∙∙∙∙▒ ♣∙∙∙♣♣ ■∙∙∙∙∙∙>∙

♣♣∙♣♣ ▒▒▒∙∙∙∙∙▒
♣∙♣♣ ▒▒▒†▒▒▒ ♣♣∙♣
▒∙▒ ♣∙♣♣ ▒∙▒ ♣♣Q♣
▒∙▒ ▒g▒ ▒∙▒ ∙∙∙
▒▒▒ ▒∙▒ ▒∙∙∙▒ ▒∙▒
▒∙▒ ▒∙∙)▒ ▒∙▒ ▒∙▒
▒▒▒▒▒ ▒∙▒ ▒∙▒
▒∙▒▒▒▒▒▒∙▒
▒▒▒▒▒▒▒▒▒∙∙∙∙∙∙∙∙▒
▒∙∙∙∙∙∙▒▒∙▒▒▒▒▒▒▒▒


You could see Crazy Yiuf.

Vanquished Creatures
  2 adders (D:2)
  2 dart slugs (D:1)
  3 ball pythons
  5 endoplasms
  2 goblins (D:1)
  4 hobgoblins (D:1)
  A quokka (D:1)
  2 bats (D:1)
  A frilled lizard (D:1)
  5 kobolds
  3 rats (D:1)
30 creatures vanquished.

Notes
Turn   | Place    | Note
-------+----------+-------------------------------------------
     0 | D:1      | Zeor the Tengu Monk began the quest for the Orb.
     0 | D:1      | Reached XP level 1. HP: 14/14 MP: 2/2
   149 | D:1      | Reached XP level 2. HP: 19/19 MP: 3/3
   407 | D:1      | Reached XP level 3. HP: 23/23 MP: 4/4
   465 | D:1      | Reached skill level 4 in Polearms
  1106 | D:2      | Found a runed translucent door.
  1107 | D:2      | Noticed Crazy Yiuf
  1114 | D:2      | Slain by Crazy Yiuf

Illustrated notes

Levels and vault maps discovered:
D:1:      lightli_arrival_noodles, layout_basic
D:2:      cheibrodos_old_hovel, layout_loops_corners, grunt_ministairs_6,
          kennysheep_potato, uniq_crazy_yiuf_cottage

Skill      XL: |  1  2  3 |
---------------+----------+-----
Polearms       | 4 |  4.3
Fighting       | |  3.2
Dodging        | |  3.7
Stealth        | |  2.4

Action                   || total
-------------------------++-------
Melee: Spear             ||    76
       Kick              ||    15
       Peck              ||     8
  Use: Scroll            ||     4
       Potion            ||     1
 Stab: Sleeping          ||    10
Armor: Robe              ||     5
       Ring mail         ||     2
Dodge: Dodged            ||    19
